 Dungeon Crawl Stone Soup version 0.19-a0-1553-g64c24c3 (webtiles) character file.

192 Svalin the Cudgeler (level 5, 0/45 HPs)
             Began as a Minotaur Fighter on Sept 14, 2016.
             Slain by Pikel
             ... wielding a +0 whip of flaming
              (4 damage)
             ... on level 4 of the Dungeon.
             The game lasted 00:06:35 (2582 turns).

Svalin the Cudgeler (Minotaur Fighter)              Turns: 2582, Time: 00:06:35

Health: 0/45       AC:  8    Str: 20    XL:     5   Next: 42%
Magic:  4/4        EV:  7    Int:  5    God:
Gold:   108        SH:  9    Dex: 11    Spells: 0 memorised, 4 levels left

rFire  + . .     SeeInvis .     a - +0 flail
rCold  + . .     Gourm    .     b - +0 scale mail
rNeg   + . .     Faith    .     c - +0 shield
rPois  +         Spirit   .     (helmet restricted)
rElec  +         Dismiss  .     (no cloak)
rCorr  +         Reflect  .     r - +0 pair of gloves
MR     .....     Harm     .     (no boots)
Stlth  ..........               (no amulet)
                                (no ring)
                                i - ring of positive energy

@: resistant
A: retaliatory headbutt, horns 2
a: no special abilities


You were on level 4 of the Dungeon.
You were hungry.

You visited 1 branch of the dungeon, and saw 4 of its levels.

You collected 108 gold pieces.

Inventory:

Hand Weapons
 a - a +0 flail (weapon)
Missiles
 j - a throwing net
 o - 6 javelins (quivered)
Armour
 b - a +0 scale mail (worn)
 c - a +0 shield (worn)
 m - a +0 plate armour
 r - a +0 pair of gloves (worn)
Jewellery
 i - a ring of positive energy (left hand)
Scrolls
 g - 2 scrolls of identify
 l - a scroll of remove curse
 p - a scroll of fear {unknown}
 q - a scroll of magic mapping {unknown}
 s - a scroll of recharging {unknown}
Potions
 d - a potion of flight {unknown}
 e - a potion of berserk rage {unknown}
 k - a potion of resistance
Comestibles
 f - 3 bread rations
 h - a fruit


   Skills:
 - Level 3.6 Fighting
 + Level 6.9 Maces & Flails
 - Level 3.6 Armour
 - Level 3.6 Shields


You had 4 spell levels left.
You didn't know any spells.

Dungeon Overview and Level Annotations

Branches:
Dungeon (4/15)
 Temple: D:4-7

Altars:
Xom

Annotations:
D:4 Pikel


Innate Abilities, Weirdness & Mutations

You reflexively headbutt those who attack you in melee.
You have a pair of horns on your head.


Message History

* * * LOW HITPOINT WARNING * * *
You barely miss Pikel.
Pikel is almost dead.
You block Pikel's attack.
Your shield and scale mail prevent you from hitting Pikel.
Pikel is almost dead.
Pikel hits you but does no damage.
Your shield and scale mail prevent you from hitting Pikel.
Pikel is almost dead.
Pikel hits you but does no damage.
You barely miss Pikel.
Pikel is almost dead.
Pikel hits you with a whip of flaming!
* * * LOW HITPOINT WARNING * * *
Pikel burns you.
* * * LOW HITPOINT WARNING * * *
You hit Pikel.
Pikel is almost dead.
Pikel hits you with a whip of flaming.
You die...

#........
##........
.......#
##......###
#..........
#.......##
#........#
#........#
#@#.#..#.#
#K#.#..#
#p#.#..#
#p#.#..#.#
#p#.#..#.# #
#p#.#..#.#.#
#.#.#.<#.#.#
#.#.#......#
#.#......#


You could see Pikel and 4 slaves.

Vanquished Creatures
  An orc wizard (D:3)
  3 gnolls (D:2)
  6 adders
  A worm (D:2)
  4 dart slugs
  2 giant geckos (D:1)
  10 orcs (D:3)
  2 giant cockroaches
  7 goblins
  8 hobgoblins
  7 kobolds
  A quokka (D:3)
  A ball python (D:2)
  2 bats
  2 frilled lizards (D:2)
  8 rats
65 creatures vanquished.

Notes
Turn   | Place    | Note
-------+----------+-------------------------------------------
     0 | D:1      | Svalin the Minotaur Fighter began the quest for the Orb.
     0 | D:1      | Reached XP level 1. HP: 19/19 MP: 0/0
   128 | D:1      | Reached skill level 3 in Maces & Flails
   137 | D:1      | Reached XP level 2. HP: 26/26 MP: 1/1
   460 | D:1      | Reached skill level 4 in Maces & Flails
   628 | D:2      | Reached XP level 3. HP: 31/31 MP: 2/2
   651 | D:2      | Reached skill level 5 in Maces & Flails
   725 | D:2      | Reached XP level 4. HP: 10/39 MP: 3/3
  1275 | D:2      | Found a shimmering altar of Xom.
  1571 | D:3      | Reached skill level 6 in Maces & Flails
  1799 | D:3      | Reached XP level 5. HP: 42/45 MP: 4/4
  2547 | D:4      | Noticed a slave
  2547 | D:4      | Noticed a slave
  2547 | D:4      | Noticed a slave
  2548 | D:4      | Noticed Pikel
  2551 | D:4      | Noticed a slave
  2582 | D:4      | Slain by Pikel

Vault maps used:
D:1:      ncdulo_smallfort, fountainhead
D:2:      marbit_many_paths
D:3:      minmay_misc_feat_pillars, minmay_door_square
D:4:      kennysheep_six_static_rooms, overflow_temple_1_default, uniq_natasha,
          uniq_pikel

Skill      XL: |  1  2  3  4 |
---------------+-------------+-----
Maces & Flails | 3 4 5 6 |  6.9
Fighting       | |  3.6
Armour         | |  3.6
Shields        | |  3.6

Action                   |  1- 3 |  4- 6 || total
-------------------------+-------+-------++-------
Melee: Flail             |    74 |   117 ||   191
       Headbutt          |     9 |    19 ||    28
Throw: Throwing net      |     2 |       ||     2
       Javelin           |       |     4 ||     4
  Use: Scroll            |       |     3 ||     3
       Potion            |       |     2 ||     2
  Eat: Chunk             |       |     4 ||     4
       Fruit             |       |     1 ||     1
Armor: Scale mail        |    21 |    41 ||    62
Dodge: Dodged            |    21 |    29 ||    50
Block: Shield            |    28 |    38 ||    66
